 Dungeon Crawl Stone Soup version 0.21-a0-404-g291f19a (webtiles) character file.

31 tailblues the Ducker (level 3, -15/29 HPs)
             Began as a Human Monk on Oct 30, 2017.
             Killed from afar by a wretched star (22 damage)
             ... with an orb of energy
             ... on level 1 of the Abyss.
             The game lasted 00:02:29 (2492 turns).

tailblues the Ducker (Human Monk)                   Turns: 2492, Time: 00:02:30

Health: -15/29     AC:  3    Str: 11    XL:     3   Next: 40%
Magic:  12/12      EV: 13    Int: 10    God:
Gold:   88         SH:  0    Dex: 16    Spells: 2/2 levels left

rFire    . . .     SeeInvis .     - Unarmed
rCold    . . .     Gourm    .   (no shield)
rNeg     + . .     Faith    .   e - +0 leather armour
rPois    .         Spirit   .   (no helmet)
rElec    .         Reflect  .   (no cloak)
rCorr    .         Harm     .   (no gloves)
MR       .....                  (no boots)
Stlth    ++........             (no amulet)
HPRegen  0.09/turn              l - ring of magical power
MPRegen  0.13/turn              p - ring of positive energy

@: no status effects
A: [no potion heal 2]
a: no special abilities


You were on level 1 of the Abyss.
You were hungry.

You visited 1 branch of the dungeon, and saw 2 of its levels.
You visited the Abyss 1 time.

You collected 88 gold pieces.

Inventory:

Missiles
 o - 2 steel tomahawks (quivered)
Armour
 a - a +0 robe
 e - a +0 leather armour (worn)
Jewellery
 l - a ring of magical power (left hand)
 p - a ring of positive energy (right hand)
 r - an uncursed ring of resist corrosion {unknown}
Scrolls
 c - 2 scrolls of remove curse {unknown}
 i - 3 scrolls of teleportation {unknown}
 m - a scroll of fog {unknown}
 n - 2 scrolls of identify {unknown}
Potions
 d - 2 potions of might {unknown}
 f - a potion of mutation {unknown}
 g - a potion of agility {unknown}
 j - 2 potions of curing {unknown}
 k - a potion of ambrosia {unknown}
 q - a potion of heal wounds {unknown}
Comestibles
 b - 3 bread rations
 h - a royal jelly


   Skills:
 + Level 3.3 Fighting
 + Level 1.0 Armour
 + Level 3.3 Dodging
 + Level 2.1 Stealth
 + Level 3.3 Unarmed Combat


You had 2 spell levels left.
You didn't know any spells.

Dungeon Overview and Level Annotations

Branches:
Dungeon (2/15)

Altars:


Innate Abilities, Weirdness & Mutations

[Potions are poor at restoring your health.]


Message History

Killing monsters will force the Abyss to allow you passage.
This branch contains the abyssal rune of Zot.
You start resting.
A wretched star emerges from the beyond.
Found 21 gold pieces.
Found a corrupted altar of Lugonu.
A large abomination comes into view.
Found 27 gold pieces.
The wretched star glows turbulently.
The orb of energy hits you!
Ouch! That really hurt!
* * * LOW HITPOINT WARNING * * *
The wretched star pulses with an eldritch light!
Your system partially rejects the healing effects of potions.
Your system mostly rejects the healing effects of potions.
Found a scroll labeled EGRUFA ZOIX.
The wretched star glows turbulently.
The orb of energy hits you!
Ouch! That really hurt!
You die...

#. ..# ..##
###.#.#
##.....##
#.#...?.# _
##@.###.#.. .
###.#*#.....#
##. . ###..##
.## ##..# #
#... #..##
#.# ...###.##
##. #.#.#.#
#....##.#..##
#.... ##.#


You could see a wretched star.

Vanquished Creatures
  An adder (D:2)
  A dart slug (D:1)
  3 goblins
  5 hobgoblins
  4 kobolds
  A ball python (D:1)
  3 frilled lizards
  2 rats (D:2)
20 creatures vanquished.

Notes
Turn   | Place    | Note
-------+----------+-------------------------------------------
     0 | D:1      | tailblues the Human Monk began the quest for the Orb.
     0 | D:1      | Reached XP level 1. HP: 18/18 MP: 1/1
   445 | D:1      | Reached XP level 2. HP: 19/24 MP: 2/2
  2047 | D:2      | Reached XP level 3. HP: 18/29 MP: 3/3
  2330 | D:2      | Reached skill level 1 in Armour
  2444 | D:2      | Cast into level 1 of the Abyss (kobold)
  2476 | Abyss:1  | Noticed a wretched star
  2478 | Abyss:1  | Found a corrupted altar of Lugonu.
  2481 | Abyss:1  | Noticed a large abomination
  2492 | Abyss:1  | Killed from afar by a wretched star

Vault maps used:
D:1:      dpeg_arrival_radiant
D:2:      nicolae_overflow_hidden_temple, lemuel_round_altar, first_bread
Abyss:1:  minivault_27

Skill      XL: |  1  2  3 |
---------------+----------+-----
Armour         | 1 |  1.0
Fighting       | |  3.3
Dodging        | |  3.3
Stealth        | |  2.1
Unarmed Combat | |  3.3

Action                   || total
-------------------------++-------
Melee: Unarmed           ||    73
       Punch             ||     1
 Stab: Sleeping          ||     4
  Eat: Chunk             ||     4
Armor: Leather armour    ||     9
Dodge: Dodged            ||    43

Table legend:
 A = Spawn XP
 B = Non-spawn XP
 C = Spawn XP percentage of total XP
 D = Spawn monster count
 E = Non-spawn monster count
 F = Spawn count percentage of total count
 G = Total turns spent on level
                    A         B        C        D         E        F      G
               +---------+---------+-------+---------+---------+-------+---------
         Total |       0 |      45 |   0.0 |       0 |      20 |   0.0 |  2492
               +---------+---------+-------+---------+---------+-------+---------
           D:1 |       0 |      19 |   0.0 |       0 |      10 |   0.0 |  1383
           D:2 |       0 |      26 |   0.0 |       0 |      10 |   0.0 |  1061
               +---------+---------+-------+---------+---------+-------+---------
